 Dungeon Crawl Stone Soup version 0.25-a0-1126-g5fd7b56c60 (webtiles) character file.

Game seed: 15190599585966923715, levelgen mode: deterministic

1395 Flugkiller the Vexing (level 8, -6/54 HPs)
             Began as an Octopode Wanderer on May 19, 2020.
             Was an Initiate of Gozag.
             Killed from afar by an orc wizard (10 damage)
             ... with a magic dart
             ... on level 6 of the Dungeon.
             The game lasted 00:21:53 (7027 turns).

Flugkiller the Vexing (Octopode Wanderer)           Turns: 7027, Time: 00:21:54

Health: -6/54      AC:  1    Str: 15    XL:     8   Next: 68%
Magic:  4/12       EV: 15    Int: 13    God:    Gozag
Gold:   1027       SH:  0    Dex: 11    Spells: 4/13 levels left

rFire    . . .     SeeInvis .   a - +1 dagger (drain)
rCold    . . .     Gourm    .   (no shield)
rNeg     . . .     Faith    .   (helmet restricted)
rPois    .         Spirit   .   (no amulet)
rElec    .         Reflect  .   p - ring of protection from magic
rCorr    .         Harm     .   (no ring)
MR       +....                  (no ring)
Stlth    ++++......             (no ring)
HPRegen  0.18/turn              (no ring)
MPRegen  0.13/turn              (no ring)
                                (no ring)
                                (no ring)

@: gold aura, very slightly contaminated
A: almost no armour, stealthy swim, amphibious, 8 rings, constrict 8, camouflage
1, gelatinous body 1
a: Potion Petition, Call Merchant, Bribe Branch, Renounce Religion


You were on level 6 of the Dungeon.
You worshipped Gozag.
Gozag was most pleased with you.
You were hungry.

You visited 1 branch of the dungeon, and saw 6 of its levels.

You collected 1044 gold pieces.
You paid 17 gold pieces to Gozag.

Inventory:

Hand Weapons
 a - a +1 dagger of draining (weapon)
   (You took it off an orc wizard on level 4 of the Dungeon)
 b - a +0 hunting sling
   (You took it off a goblin on level 2 of the Dungeon)
 m - a +0 trident
   (You took it off an orc on level 3 of the Dungeon)
Missiles
 c - 21 poisoned darts
 k - 144 stones
 s - 3 atropa-tipped darts
 t - 4 curare-tipped darts (quivered)
Jewellery
 d - a cursed amulet of inaccuracy {unknown}
   (You found it on level 4 of the Dungeon)
 p - a ring of protection from magic (left tentacle)
   (You took it off an orc on level 4 of the Dungeon)
Wands
 h - a wand of paralysis (14)
   (You found it on level 2 of the Dungeon)
 r - a wand of digging (6)
   (You found it on level 5 of the Dungeon)
Scrolls
 j - a scroll of blinking {unknown}
 q - a scroll of fog {unknown}
Potions
 g - a potion of resistance
 i - a potion of invisibility {unknown}
 l - a potion of flight {unknown}
 n - a potion of magic {unknown}
 o - 2 potions of brilliance
Comestibles
 e - a ration


   Skills:
 - Level 4.0 Fighting
 - Level 3.0 Short Blades
 - Level 1.0 Throwing
 + Level 5.5 Dodging
 - Level 5.0 Stealth
 - Level 3.0 Spellcasting
   Level 2.0 Conjurations
 - Level 6.0 Hexes
   Level 1.0 Air Magic
 - Level 1.0 Evocations


You had 4 spell levels left.
You knew the following spells:

 Your Spells              Type           Power        Failure   Level  Hunger
a - Corona                Hex            ###....      1%          1    #......
b - Ensorcelled Hibernat  Hex/Ice        #.....       10%         2    ###....
c - Confusing Touch       Hex            ###.....     6%          3    ###....
d - Tukima's Dance        Hex            ###.....     6%          3    ###....

Your spell library contained the following spells:

 Spells                   Type           Power        Failure   Level  Hunger
 Dazzling Flash           Conj/Hex       ##....       13%         3    ###....
 Foxfire                  Conj/Fire      #...         16%         1    #......
 Inner Flame              Hex/Fire       #.......     21%         3    ###....
 Animate Skeleton         Necr           N/A          22%         1    #......
 Pain                     Necr           #...         22%         1    #......
 Vampiric Draining        Necr           #.........   56%         3    ###....
 Animate Dead             Necr           N/A          92%         4    #####..
 Agony                    Necr           #.......     99%         5    ######.


Dungeon Overview and Level Annotations

Branches:
Dungeon (6/15)
 Temple: D:4-7

Altars:
Gozag
Qazlal

Annotations:
D:5 exclusions: centaur and ice beast


Innate Abilities, Weirdness & Mutations

You cannot wear most types of armour.
You are very stealthy in the water. (Stealth+)
You are amphibious.
You can wear up to eight rings at the same time.
You can use your tentacles to constrict eight enemies at once.
Your skin changes colour to match your surroundings (Stealth+).
Your rubbery body absorbs attacks. (AC +1, EV +1)


Message History

Unknown command.
You feel better. The orc warrior misses you. The orc wizard barely misses you.
Your +0 flail misses the orc warrior.
Unknown command.
Unknown command.
Evoke which item? (* to show all) (? for menu, Esc to quit)
Aiming: Paralyse
Press: ? - help, Shift-Dir - straight line, f/p - orc warrior
Aim: an orc warrior, wearing a cursed +0 plate armour (chance to defeat MR: 49%)
The orc warrior suddenly stops moving!
The orc wizard gestures wildly while chanting.
The orc wizard seems to speed up.
Unknown command.
The helpless orc warrior fails to defend itself.
You puncture the orc warrior! You drain the orc warrior.
You grab the orc warrior.
The orc warrior is severely wounded.
You constrict the orc warrior, but do no damage.
The orc wizard closely misses you.
Your +0 flail hits the orc warrior but does no damage.
The helpless orc warrior fails to defend itself.
You impale the orc warrior!!
You kill the orc warrior!
Training target 5.0 for Stealth reached!
Your Stealth skill increases to level 5!
You need to enable at least one skill for training.
The orc wizard gestures at you while chanting.
The magic dart hits you!
* * * LOW HITPOINT WARNING * * *
The orc wizard casts a cantrip, but nothing happens.
The orc wizard barely misses you.
Unknown command.
Things that are here:
5 gold pieces; a cursed +0 plate armour Unknown command.
You swap places.
The orc wizard barely misses your +0 flail.
Your +0 flail hits the orc wizard.
The orc wizard hits your +0 flail with a +0 dagger.
Your +0 flail falls from the air.
The orc wizard mumbles some strange words.
The orc wizard flickers and vanishes!
Deactivating autopickup; reactivate with Ctrl-A.
The orc wizard points at you and mumbles some strange words.
The magic dart hits you.
* * * LOW HITPOINT WARNING * * *
The orc wizard points at you and mumbles some strange words.
The magic dart hits you!
You die...
Your body crumbles into a pile of gold.

##.####..# .........#
...#.##.## ##.#.##.##
#.#.#...# #.#..#.#.##
##.#.##.##.#######
.....##....)...<.#
..#....)<..#####@####
.###........{o......#
#.#.##...#.#####.##.#
.<. #####.# #.# #
##.## #.# #.# ..# #.#
#.# #### #.# #.# #..
... ..


You could see an orc wizard (fast).

Vanquished Creatures
  An orc warrior (D:6)
  A centaur (D:5)
  2 ogres
  A bullfrog (D:6)
  A scorpion (D:4)
  2 howler monkeys
  2 hounds (D:5)
  6 orc wizards
  A centaur skeleton (D:4)
  A jelly (D:5)
  5 orc priests
  2 bullfrog skeletons
  Terence (D:2)
  3 iguanas
  3 worker ants
  A worker ant zombie (D:5)
  An adder (D:3)
  A shadow imp (D:5)
  An ooze (D:4)
  An adder skeleton (D:4)
  5 worms
  3 dart slugs
  7 leopard geckos
  22 orcs
  3 giant cockroaches
  12 goblins
  5 hobgoblins
  19 jackals
  13 kobolds
  6 quokkas
  8 bats
  3 frilled lizards
  2 quokka skeletons
  4 rats
149 creatures vanquished.

Vanquished Creatures (others)
  A bullfrog zombie (D:6)
  A worker ant (D:6)
2 creatures vanquished.

Grand Total: 151 creatures vanquished

Notes
Turn   | Place    | Note
-------+----------+-------------------------------------------
     0 | D:1      | Flugkiller the Octopode Wanderer began the quest for the
                  | Orb.
     0 | D:1      | Flugkiller set off with the following items: a +0 dagger,
                  | 12 poisoned darts, a ration; and the following spells
                  | available to memorise: Corona, Foxfire, Ensorcelled
                  | Hibernation, Confusing Touch, Tukima's Dance, Dazzling
                  | Flash, Inner Flame
     0 | D:1      | Reached XP level 1. HP: 11/11 MP: 3/3
     2 | D:1      | Learned a level 1 spell: Corona
   566 | D:1      | Reached skill level 1 in Fighting
   678 | D:1      | Reached XP level 2. HP: 13/18 MP: 3/5
   682 | D:1      | Learned a level 2 spell: Ensorcelled Hibernation
   759 | D:1      | You fall into a shaft and drop 1 floor!
   850 | D:1      | Reached skill level 1 in Dodging
  1209 | D:2      | Found an opulent altar of Gozag.
  1238 | D:2      | Became a worshipper of Gozag Ym Sagoz the Greedy
  1395 | D:2      | Reached XP level 3. HP: 19/23 MP: 6/6
  1787 | D:2      | Noticed Terence
  1958 | D:2      | Killed Terence
  1958 | D:2      | Reached XP level 4. HP: 11/29 MP: 7/7
  2162 | D:2      | Learned a level 3 spell: Confusing Touch
  2319 | D:2      | Reached XP level 5. HP: 32/34 MP: 8/8
  2445 | D:2      | Reached skill level 4 in Hexes
  2445 | D:2      | Reached XP level 6. HP: 19/39 MP: 4/10
  3262 | D:3      | Found a stormy altar of Qazlal.
  3262 | D:3      | Noticed a water elemental
  3266 | D:3      | Noticed an air elemental
  3266 | D:3      | Noticed a fire elemental
  4044 | D:4      | Reached XP level 7. HP: 44/45 MP: 11/11
  4153 | D:4      | Reached skill level 5 in Hexes
  4320 | D:4      | Reached skill level 1 in Short Blades
  5534 | D:5      | Entered Level 5 of the Dungeon
  5540 | D:5      | Reached skill level 5 in Dodging
  5540 | D:5      | Reached XP level 8. HP: 29/52 MP: 8/12
  5947 | D:5      | Reached skill level 1 in Evocations
  6333 | D:5      | Reached skill level 6 in Hexes
  7002 | D:6      | Learned a level 3 spell: Tukima's Dance
  7023 | D:6      | Reached skill level 5 in Stealth
  7027 | D:6      | Killed from afar by an orc wizard

Illustrated notes

Levels and vault maps discovered:
D:1:      mrwooster_arrival_statue, layout_loops_ring, supply_closet_lemuel,
          chequers_serial_rivers_room_b, minmay_liquid_box,
          serial_bayou_lagoon_a
D:2:      layout_rooms, first_ration, grunt_gozag_statues, uniq_terence
D:3:      layout_rooms, serial_curves, eino_curves_01, eino_curves_01,
          nicolae_qazlal_style_of_elements
D:4:      layout_loops_ring, hangedman_decor_clover_reticule
D:5:      layout_basic
D:6:      layout_loops_ring, grunt_temple_overflow_forces_of_nature,
          grunt_temple_overflow_open, minmay_temple_entry_large_hall,
          serial_shops, shop, shop_statue, shop, lemuel_flamethrower_2

Skill      XL: |  1  2  3  4  5  6  7  8 |
---------------+-------------------------+-----
Stealth        | 2 3 4 5 |  5.0
Fighting       | 1 2 3 4 |  4.0
Dodging        | 1 2 3 4 5 |  5.5
Spellcasting   | 3 |  3.0
Hexes          | 4 5 6 |  6.0
Short Blades   | 2 3 |  3.0
Evocations     | 1 |  1.0
Throwing       | |  1.0
Conjurations   | |  2.0
Air Magic      | |  1.0

Action                   |  1- 3 |  4- 6 |  7- 9 || total
-------------------------+-------+-------+-------++-------
Melee: Dagger            |    91 |   102 |   166 ||   359
       Constrict         |    25 |    28 |    41 ||    94
       Tentacles         |    16 |    16 |    40 ||    72
 Fire: Hunting sling     |    15 |    27 |       ||    42
Throw: Dart              |     7 |    11 |    12 ||    30
 Cast: Corona            |     3 |       |     6 ||     9
       Ensorcelled Hiber |     4 |    13 |    13 ||    30
       Confusing Touch   |       |       |     3 ||     3
       Tukima's Dance    |       |       |     2 ||     2
Evoke: Wand              |       |     3 |     6 ||     9
  Use: Scroll            |       |     2 |     3 ||     5
       Potion            |       |       |     3 ||     3
 Stab: Sleeping          |     8 |     9 |    12 ||    29
       Distracted        |     1 |     2 |     1 ||     4
       Paralysed         |       |     6 |     3 ||     9
       Confused          |       |       |     1 ||     1
  Eat: Chunk             |     1 |       |       ||     1
       Ration            |     1 |     2 |     3 ||     6
Armor: Skin              |    20 |     4 |     6 ||    30
Dodge: Dodged            |    99 |    67 |    73 ||   239

Table legend:
 A = Non-vault XP
 B = Vault XP
 C = Vault XP percentage of total XP
 D = Non-vault monster count
 E = Vault monster count
 F = Vault count percentage of total count
                 A         B        C        D         E       F
            +---------+---------+-------+---------+---------+-------
      Total |    1957 |      36 |   1.8 |     148 |       1 |   0.7
            +---------+---------+-------+---------+---------+-------
        D:1 |      20 |       0 |   0.0 |      12 |       0 |   0.0
        D:2 |     207 |      36 |  14.8 |      36 |       1 |   2.7
        D:3 |     312 |       0 |   0.0 |      37 |       0 |   0.0
        D:4 |     512 |       0 |   0.0 |      34 |       0 |   0.0
        D:5 |     632 |       0 |   0.0 |      23 |       0 |   0.0
        D:6 |     274 |       0 |   0.0 |       6 |       0 |   0.0
            +---------+---------+-------+---------+---------+-------
